 Dungeon Crawl Stone Soup version 0.26-a0-683-g5206c1d7ac (webtiles) character file.

Game seed: 10311944596670771692

8779 Maimakterion the Thaumaturge (level 11, -7/57 HPs)
             Began as a Deep Elf Fire Elementalist on Oct 22, 2020.
             Was an Elder of Sif Muna.
             Mangled by a wyvern (12 damage)
             ... on level 10 of the Dungeon.
             The game lasted 00:21:59 (14179 turns).

Maimakterion the Thaumaturge (DEFE)                Turns: 14179, Time: 00:22:00

Health: -7/57      AC: 15    Str:  5    XL:     11   Next: 14%
Magic:  15/28      EV: 10    Int: 24    God:    Sif Muna [****..]
Gold:   754        SH:  7    Dex: 15    Spells: 17/32 levels left

rFire    + . .     SeeInvis .   B - staff of fire (curse)
rCold    . . .     Faith    +   C - +2 buckler {AC+3}
rNeg     . . .     Spirit   .   I - +0 swamp dragon scales
rPois    +         Reflect  .   l - +0 helmet
rElec    .         Harm     .   w - +0 cloak
rCorr    .         Rampage  .   (no gloves)
MR       ++...                  F - +0 pair of boots
Stlth    +.........             i - amulet of faith
HPRegen  0.19/turn              m - ring of protection from magic
MPRegen  0.21/turn              (no ring)

@: no status effects
A: no striking features
a: Channel Magic, Forget Spell, Divine Exegesis, Renounce Religion


You were on level 10 of the Dungeon.
You worshipped Sif Muna.
Sif Muna was greatly pleased with you.
You visited 2 branches of the dungeon, and saw 12 of its levels.
You also visited: Ossuary.

You collected 845 gold pieces.
You spent 91 gold pieces at shops.

Inventory:

Hand Weapons
 D - a +2 dagger of venom
 H - a +3 morningstar of holy wrath
 K - the +9 hunting sling "Suips" {freeze, rElec rC+ Str+4}
   (You took it off a human on level 8 of the Dungeon)

   It causes projectiles fired from it to freeze those they strike, causing
   extra injury to most foes and up to half again as much damage against
   particularly susceptible opponents.
   They can also slow down cold-blooded creatures.
   It affects your strength (+4).
   It protects you from cold.
   It insulates you from electricity.
Armour
 a - a +0 robe
 l - a +0 helmet (worn)
 w - a +0 cloak (worn)
 C - a +2 buckler of protection (worn)
 F - a +0 pair of boots (worn)
 I - +0 swamp dragon scales (worn)
 M - a +2 leather armour of cold resistance
Magical Staves
 B - a cursed staff of fire (weapon)
Jewellery
 i - an amulet of faith (around neck)
 m - a ring of protection from magic (left hand)
Wands
 d - a wand of flame (45)
 E - a wand of iceblast (10)
 Q - a wand of disintegration (16)
 R - a wand of paralysis (7)
Scrolls
 b - 5 scrolls of magic mapping
 e - 8 scrolls of remove curse
 h - 7 scrolls of teleportation
 j - 2 scrolls of fear {unknown}
 k - 3 scrolls of enchant armour {unknown}
 t - 4 scrolls of amnesia {unknown}
 v - a scroll of immolation
 x - 4 scrolls of enchant weapon {unknown}
 y - a scroll of silence
 J - a scroll of blinking {unknown}
 L - a scroll of random uselessness {unknown}
 N - a scroll of torment {unknown}
 O - a scroll of fog {unknown}
 P - a scroll of brand weapon {unknown}
Potions
 c - a potion of might
 f - 2 potions of flight
 g - 4 potions of haste
 n - a potion of curing
 o - 4 potions of lignification
 p - 5 potions of ambrosia
 q - 5 potions of heal wounds
 r - a potion of berserk rage
 s - a potion of invisibility
 u - 2 potions of cancellation
 z - 2 potions of mutation
 A - 3 potions of stabbing
 G - a potion of resistance


   Skills:
 * Level 1.9 Fighting
 - Level 5.0 Armour
 * Level 3.9 Dodging
 - Level 2.4 Stealth
 - Level 4.0 Shields
 - Level 11.0 Spellcasting
 - Level 10.0 Conjurations
 - Level 2.0 Translocations
 - Level 10.0 Fire Magic


You had 17 spell levels left.
You knew the following spells:

 Your Spells              Type           Power        Failure   Level
a - Foxfire               Conj/Fire      ####         1%          1
b - Blink                 Tloc           N/A          13%         2
c - Conjure Flame         Conj/Fire      #######.     1%          3
d - Sticky Flame          Conj/Fire      #######.     3%          4
e - Fireball              Conj/Fire      #######...   9%          5

Your spell library contained the following spells:

 Spells                   Type           Power        Failure   Level
 Magic Dart               Conj           ####         1%          1
 Inner Flame              Hex/Fire       ######..     8%          3
 Mephitic Cloud           Conj/Pois/Air  ####....     16%         3
 Gell's Gravitas          Tloc           ###.......   26%         3
 Call Imp                 Summ           ##......     28%         2
 Slow                     Hex            ##......     28%         2
 Confusing Touch          Hex            ##......     50%         3
 Petrify                  Tmut/Erth      ##......     88%         4
 Metabolic Englaciation   Hex/Ice        ##........   99%         5
 Yara's Violent Unravell  Hex/Tmut       ##........   99%         5


Dungeon Overview and Level Annotations

Branches:
Dungeon (11/15)            Temple (1/1) D:4         Ossuary (visited)
   Lair: D:8-11         Orc: D:9-12

Altars:
Ashenzari
Cheibriados
Dithmenos
Elyvilon
Fedhas
Gozag
Hepliaklqana
Kikubaaqudgha
Makhleb
Nemelex Xobeh
Okawaru
Qazlal
Ru
Sif Muna
Trog
Uskayaw
Vehumet
Wu Jian
Xom
Yredelemnul
Zin
The Shining One

Shops:
D:6 :   D:7 *

Annotations:
D:2 1 runed translucent door, Crazy Yiuf, Natasha
D:9 exclusion: upstairs


Message History

The wyvern is heavily wounded.
The foxfire hits the wyvern!
The wyvern is severely wounded.
Casting: Foxfire (safe; 1% risk of failure)
Confirm with . or Enter, or press ? or * to list all spells.
You blink.
You now have 17/28 mp.
Casting: Blink (safe; 13% risk of failure)
Confirm with . or Enter, or press ? or * to list all spells.
You feel a surge of power!
You conjure some foxfire!
You now have 16/28 mp.
Casting: Foxfire (safe; 1% risk of failure)
Confirm with . or Enter, or press ? or * to list all spells.
You feel a surge of power!
You conjure some foxfire!
The foxfire hits the wyvern but does no damage.
The wyvern is severely wounded.
The foxfire hits the wyvern but does no damage.
The wyvern is severely wounded.
The wyvern bites you!
You die...

##.#..#...#.......#.#...#
...#..#...#.......#.....#
####..#...####.##.#.....#
.[....#.#....#.##.#.....#
'###..#.#....#.##.#.....#
...#..#.#....#.##.#.....#
...#..#......####.#.....#
...#..#......####ยง#..##.#
...#..#...####.v@l#..##.#
#..#..'...#.##.v..'..##.#
#..#..#...#.##....#..##.#
#..#..#...#.##....#..##.#
...####...#.#####.#..##.#
..........#.#####.#..##.#
.....#....#..#....'..>..#
.....#....#.##.##.#.....#
.....#....#.##.##.#.....#


You could see a wyvern.

Vanquished Creatures
  2 two-headed ogres (D:8)
  A cyclops (D:8)
  Maggie (D:7)
  Grinder (D:3)
  A wraith (D:10)
  2 wyverns
  5 humans (D:8)
  2 phantoms
  3 sky beasts (D:9)
  2 orc warriors (D:9)
  3 necrophages (D:8)
  A black bear (D:7)
  4 ice beasts
  An ogre (D:11)
  A centaur (D:7)
  2 big kobolds
  6 bullfrogs
  A wyvern zombie (D:8)
  7 scorpions
  A water moccasin zombie (D:8)
  12 killer bees
  17 wights
  6 howler monkeys
  4 centaur zombies
  2 bullfrog zombies
  2 hounds
  2 quasits (D:10)
  5 orc wizards
  2 orc priests
  A bullfrog skeleton (D:6)
  2 gnoll shamans
  5 jellies
  Terence (D:3)
  An iguana (D:7)
  Natasha (D:2)
  A worker ant (D:9)
  A big kobold zombie (Ossuary)
  A hound zombie (D:8)
  10 mummies
  5 worker ant zombies
  Robin (D:3)
  A howler monkey skeleton (D:8)
  12 gnolls
  12 adders
  A shadow imp (D:5)
  A white imp (D:5)
  An ufetubus (D:7)
  An ooze (D:6)
  An adder skeleton (D:5)
  3 adder zombies
  A dart slug (D:1)
  2 leopard geckos
  32 orcs
  3 ball pythons
  9 giant cockroaches
  15 goblins
  6 hobgoblins
  7 jackals
  20 kobolds
  7 quokkas
  15 bats
  9 frilled lizards
  A gnoll zombie (Ossuary)
  3 hobgoblin zombies
  3 kobold zombies (Ossuary)
  A leopard gecko zombie (D:5)
  2 orc zombies (Ossuary)
  11 rats
309 creatures vanquished.

Vanquished Creatures (others)
  A wizard (D:7)
  1089 foxfires
  3 plants (D:9)
  3 withered plants (D:8)
1096 creatures vanquished.

Grand Total: 1405 creatures vanquished

Notes
Turn   | Place    | Note
-------+----------+-------------------------------------------
     0 | D:1      | Maimakterion the Deep Elf Fire Elementalist began the quest
                  | for the Orb.
     0 | D:1      | Reached XP level 1. HP: 10/10 MP: 6/6
   310 | D:1      | Reached XP level 2. HP: 15/15 MP: 4/8
   995 | D:1      | Reached XP level 3. HP: 19/19 MP: 5/10
  1002 | D:1      | Learned a level 3 spell: Conjure Flame
  1398 | D:2      | Reached skill level 4 in Spellcasting
  1509 | D:2      | Noticed Natasha
  1511 | D:2      | Killed Natasha
  1511 | D:2      | Reached XP level 4. HP: 24/24 MP: 7/12
  1581 | D:2      | Found a sparkling altar of Nemelex Xobeh.
  1918 | D:2      | Found a runed translucent door.
  1919 | D:2      | Noticed Crazy Yiuf
  1921 | D:2      | Noticed Natasha
  2114 | D:2      | Found a sacrificial altar of Ru.
  2129 | D:2      | Reached skill level 5 in Spellcasting
  2130 | D:2      | Reached XP level 5. HP: 20/28 MP: 6/14
  2683 | D:3      | Noticed Grinder
  2708 | D:2      | Learned a level 4 spell: Sticky Flame
  2930 | D:2      | Learned a level 5 spell: Fireball
  3432 | D:3      | Noticed Terence
  3458 | D:3      | Killed Terence
  3475 | D:3      | Killed Grinder
  3475 | D:3      | Reached skill level 6 in Spellcasting
  3475 | D:3      | Reached skill level 5 in Fire Magic
  3475 | D:3      | Reached XP level 6. HP: 32/32 MP: 7/17
  3481 | D:3      | Learned a level 2 spell: Blink
  3838 | D:3      | Noticed Robin
  3840 | D:3      | Killed Robin
  4115 | D:4      | Found a staircase to the Ecumenical Temple.
  4123 | Temple   | Entered the Ecumenical Temple
  4235 | D:4      | Found a sand-covered staircase.
  4253 | Ossuary  | Entered an ossuary
  4532 | Ossuary  | Reached XP level 7. HP: 36/36 MP: 5/19
  4772 | Ossuary  | Reached skill level 7 in Spellcasting
  5406 | D:4      | Found an ornate altar of the Wu Jian Council.
  5683 | D:5      | Entered Level 5 of the Dungeon
  5707 | D:5      | Reached skill level 1 in Translocations
  6108 | D:5      | Reached skill level 1 in Shields
  6108 | D:5      | Reached skill level 5 in Conjurations
  6454 | D:5      | Found a snail-covered altar of Cheibriados.
  6455 | D:5      | Found an opulent altar of Gozag.
  6737 | D:5      | Reached skill level 8 in Spellcasting
  6737 | D:5      | Reached XP level 8. HP: 24/41 MP: 17/22
  7321 | D:6      | Found a bloodstained altar of Trog.
  7321 | D:6      | Found a shimmering blue altar of Sif Muna.
  7330 | D:6      | Became a worshipper of Sif Muna the Loreminder
  7713 | D:6      | Found Vayce's Book Emporium.
  8078 | D:7      | Reached skill level 9 in Spellcasting
  8308 | D:7      | Found a broken altar of Ashenzari.
  8345 | D:7      | Reached * piety under Sif Muna
  8635 | D:7      | Found Koqakkut's Assorted Antiques.
  8643 | D:7      | Bought a scroll labeled ZONTEHO MIUFE for 33 gold pieces
  8643 | D:7      | Bought a metallic golden potion for 29 gold pieces
  8643 | D:7      | Bought a fuming inky potion for 29 gold pieces
  8665 | D:7      | Reached XP level 9. HP: 45/45 MP: 8/24
  8831 | D:7      | Found a white marble altar of Elyvilon.
  9263 | D:7      | Found a radiant altar of Vehumet.
  9275 | D:7      | Found a bloodstained altar of Trog.
  9320 | D:7      | Noticed a wizard
  9325 | D:7      | Killed a wizard
  9346 | D:7      | Found a radiant altar of Vehumet.
  9356 | D:7      | Noticed Maggie
  9367 | D:7      | Killed Maggie
  9367 | D:7      | Reached skill level 10 in Spellcasting
  9606 | D:8      | Noticed a cyclops
  9822 | D:8      | Reached skill level 1 in Armour
  9900 | D:8      | Reached ** piety under Sif Muna
 10101 | D:8      | Noticed a two-headed ogre
 10251 | D:8      | Killed a two-headed ogre
 10251 | D:8      | Reached skill level 11 in Spellcasting
 10251 | D:8      | Reached XP level 10. HP: 48/50 MP: 8/27
 10320 | D:8      | Noticed a two-headed ogre
 10324 | D:8      | Killed a two-headed ogre
 10815 | D:8      | Identified the +9 hunting sling "Suips" {freeze, rElec rC+
                  | Str+4}
 11036 | D:8      | Killed a cyclops
 11214 | D:8      | Reached skill level 10 in Fire Magic
 11593 | D:9      | Reached *** piety under Sif Muna
 11931 | D:8      | Noticed a rust devil
 11931 | D:8      | Noticed a rust devil
 11971 | D:9      | Reached skill level 10 in Conjurations
 12273 | D:9      | Found a blossoming altar of Fedhas.
 12569 | D:9      | Found a hazy altar of Hepliaklqana.
 12569 | D:9      | Found a shadowy altar of Dithmenos.
 12729 | D:10     | Entered Level 10 of the Dungeon
 12846 | D:10     | Reached XP level 11. HP: 54/54 MP: 13/28
 12849 | D:10     | Reached skill level 5 in Armour
 13165 | D:10     | Reached **** piety under Sif Muna
 13189 | D:10     | Reached skill level 1 in Fighting
 13852 | D:10     | You fall into a shaft and drop 1 floor!
 14179 | D:10     | Mangled by a wyvern

Illustrated notes

Levels and vault maps discovered:
D:1:      kennysheep_arrival_forest, layout_basic
D:2:      minmay_skewed_foursquare, layout_rooms, nemelex_altar_shiori,
          nicolae_ru_great_annihilating_truth, uniq_natasha,
          uniq_crazy_yiuf_cottage
D:3:      layout_basic, uniq_robin, uniq_terence, uniq_grinder
D:4:      layout_loops_ring, kennysheep_mini, minmay_temple_entry_mist,
          nicolae_ossuary_entry_giza
D:5:      layout_loops_cross, gammafunk_temple_overflow_statue,
          kennysheep_generic_room_12
D:6:      layout_cave_pods, chequers_temple_overflow_statue_of_worship,
          serial_shops, nicolae_shop_waterfront, hex_large
D:7:      layout_basic, ashenzari_conservatory_becter, kennysheep_mini_moat,
          elyvilon_altar_3, serial_shops, nicolae_shop_behind_doors,
          basic_altar, trog_wizard, uniq_maggie
D:8:      cheibrodos_iron_armory, layout_cave_pools, serial_undead,
          serial_undead_a, serial_undead_a, serial_undead_e, serial_undead_d,
          serial_undead_d, serial_undead_e, serial_undead_a, serial_undead_e,
          serial_undead_a, serial_undead_e, minmay_ruffians
D:9:      layout_rooms, riverfiend_overflow_shadow_ancestor,
          fedhas_ov_isle_minmay, kennysheep_path_1,
          minmay_misc_feat_four_crosses
D:10:     layout_stronghold
D:11:     layout_rooms, grunt_lair_entry_orc_guard_hut, serial_shops,
          nicolae_shop_stone, minmay_fractal_squares_gapless_7
Temple:   compressed_dpeg_triangle_lava_temple

Skill      XL: |  1  2  3  4  5  6  7  8  9 10 11 |
---------------+----------------------------------+-----
Fire Magic     | 4 5 6 7 8 10 | 10.0
Spellcasting   | 4 5 6 8 9 11 | 11.0
Conjurations   | 2 4 5 6 8 10 | 10.0
Translocations | 1 2 |  2.0
Shields        | 1 3 4 |  4.0
Armour         | 2 4 5 |  5.0
Fighting       | 1 |  1.9
Dodging        | 3 |  3.9
Stealth        | |  2.4

Action                   |  1- 3 |  4- 6 |  7- 9 | 10-12 || total
-------------------------+-------+-------+-------+-------++-------
Melee: Unarmed           |     2 |       |       |       ||     2
       Short sword       |       |    38 |    51 |       ||    89
       Staff             |       |       |    60 |    34 ||    94
 Cast: Foxfire           |    76 |   130 |   264 |   161 ||   631
       Blink             |       |     2 |     1 |     3 ||     6
       Sticky Flame      |       |       |    27 |    51 ||    78
       Fireball          |       |       |     2 |     6 ||     8
  Use: Scroll            |       |    10 |     8 |     1 ||    19
 Stab: Sleeping          |       |     2 |     6 |       ||     8
Armor: Robe              |     5 |     3 |    36 |     4 ||    48
       Swamp dragon scal |       |       |       |    29 ||    29
Dodge: Dodged            |     4 |    51 |   107 |    37 ||   199
Block: Buckler           |       |       |    61 |    38 ||    99

Table legend: (Time is in decaauts)
 A = Elapsed time spent in this place.
 B = Non-inter-level travel time spent in this place.
 C = Inter-level travel time spent in this place.
 D = Time resting spent in this place.
 E = Time spent auto-exploring this place.
 F = Levels seen in this place.
 G = Mean time per level.
                   A        B        C        D        E       F      G
               +--------+--------+--------+--------+--------+-----+--------+
         Total |  14221 |  13826 |    395 |   1719 |   9900 |  13 | 1093.9 |
       Dungeon |  13467 |  13072 |    395 |   1491 |   9575 |  11 | 1224.3 |
        Temple |     79 |     79 |      0 |      0 |      0 |   1 |   79.0 |
       Ossuary |    673 |    673 |      0 |    228 |    325 |   1 |  673.0 |
               +--------+--------+--------+--------+--------+-----+--------+

Top non-repeatable levels by time:
     D:8: 1850 daAuts
     D:7: 1700 daAuts
     D:2: 1616 daAuts
    D:10: 1336 daAuts
     D:1: 1314 daAuts
     D:5: 1189 daAuts
     D:6: 1181 daAuts
     D:3: 1147 daAuts
     D:9: 1146 daAuts
     D:4: 858 daAuts
 Ossuary: 673 daAuts
    D:11: 126 daAuts
  Temple: 79 daAuts
